 Dungeon Crawl Stone Soup version 0.23-a0-373-g305c090 (webtiles) character file.

12834 Garbasso the Cleaver (level 11, -7/60 HPs)
             Began as a Vine Stalker Gladiator on Oct 25, 2018.
             Was a Priest of Makhleb.
             Mangled by a swamp worm (15 damage)
             ... on level 2 of the Lair of Beasts.
             The game lasted 00:36:35 (9762 turns).

Garbasso the Cleaver (Vine Stalker Gladiator)       Turns: 9762, Time: 00:36:36

Health: -7/60      AC: 19    Str: 19    XL:     11   Next: 99%
Magic:  0/16       EV:  9    Int:  8    God:    Makhleb [***...]
Gold:   773        SH:  0    Dex: 17    Spells: 10/10 levels left

rFire    . . .     SeeInvis +   a - +1 executioner's axe (elec)
rCold    . . .     Gourm    .   (shield currently unavailable)
rNeg     + . .     Faith    .   t - +4 chain mail {rPois}
rPois    +         Spirit   +   c - +0 helmet
rElec    .         Reflect  .   y - +0 cloak
rCorr    .         Harm     .   o - +0 pair of gloves
MR       +....                  x - +0 pair of boots
Stlth    ..........             v - amulet of the acrobat
HPRegen  0.60/turn              m - ring of positive energy
MPRegen  0.15/turn              E - ring of see invisible

@: very slightly contaminated, slowed, very slow
A: fangs 3, regeneration 1, magic shield, antimagic bite, no potion heal 3, rot
immunity
a: Minor Destruction, Lesser Servant of Makhleb, Renounce Religion


You were on level 2 of the Lair of Beasts.
You worshipped Makhleb.
Makhleb was most pleased with you.
You were not hungry.

You visited 2 branches of the dungeon, and saw 11 of its levels.
You also visited: Labyrinth.

You collected 773 gold pieces.

Inventory:

Hand Weapons
 a - a +1 executioner's axe of electrocution (weapon)
 b - the +3 fustibalus of Obriru Pust {freeze, MP-9 Int+7 Dex+5}
   (You took it off a crimson imp on level 6 of the Dungeon)

   It causes projectiles fired from it to freeze those they strike, causing
   extra injury to most foes and up to half again as much damage against
   particularly susceptible opponents.
   They can also slow down cold-blooded creatures.
   It affects your intelligence (+7).
   It affects your dexterity (+5).
   It affects your magic capacity (-9).
 n - a +3 hand axe of flaming
 N - a +0 broad axe
 R - the +8 whip "Snakebite" {curare, rPois}
   (You found it on level 2 of the Lair of Beasts)

   It poisons the flesh of those it strikes.
   It protects you from poison.
Missiles
 d - 4 throwing nets {=f}
 M - 129 sling bullets
 S - 15 poisoned javelins (quivered)
Armour
 c - a +0 helmet (worn)
 h - a scarf of resistance
 l - a +0 buckler
 o - a +0 pair of gloves (worn)
 t - a +4 chain mail of poison resistance (worn)
 x - a +0 pair of boots (worn)
 y - a +0 cloak (worn)
 X - a +2 plate armour of cold resistance
 Y - a scarf of repulsion
Jewellery
 m - a ring of positive energy (left hand)
 v - an amulet of the acrobat (around neck)
 C - an uncursed ring of flight
 E - a ring of see invisible (right hand)
 F - an uncursed ring of fire
 I - an uncursed ring of stealth
Wands
 k - a wand of flame (45)
 s - a wand of paralysis (12)
 D - a wand of polymorph (30)
 K - a wand of scattershot (4)
 L - a wand of iceblast (8)
 P - a wand of acid (18)
 V - a wand of enslavement (14)
 W - a wand of disintegration (9)
Scrolls
 i - 5 scrolls of blinking
 p - a scroll of fear
 w - 2 scrolls of remove curse
 B - 2 scrolls of immolation
 G - a scroll of fog
 H - a scroll of teleportation
 O - a scroll of enchant armour
 Q - a scroll of amnesia
 T - 2 scrolls of vulnerability
 U - a scroll of identify
Potions
 e - 2 potions of lignification
 g - 2 potions of mutation
 j - a potion of curing
 q - 2 potions of agility
 r - 2 potions of brilliance
 u - 4 potions of haste
 z - 4 potions of resistance
 A - 2 potions of magic
 J - a potion of might
 Z - a potion of berserk rage {unknown}
Comestibles
 f - 37 rations


   Skills:
 + Level 8.1 Fighting
 * Level 11.3 Axes
 - Level 1.7 Throwing
 + Level 7.1 Armour
 - Level 2.4 Dodging
 - Level 4.0 Shields
 + Level 6.4 Invocations


You had 10 spell levels left.
You didn't know any spells.
Your spell library contained the following spells:

 Spells                   Type           Power        Failure   Level  Hunger
 Confusing Touch          Hex            #.....       99%         1    ##.....
 Corona                   Hex            #......      99%         1    ##.....
 Infusion                 Chrm           #...         99%         1    ##.....
 Ensorcelled Hibernation  Hex/Ice        #.....       99%         2    ###....
 Confuse                  Hex            #.......     100%        3    ####...
 Dazzling Spray           Conj/Hex       #.....       100%        3    ####...
 Tukima's Dance           Hex            #.......     100%        3    ####...
 Cause Fear               Hex            #.........   100%        4    #####..
 Leda's Liquefaction      Hex/Erth       #.........   100%        4    #####..
 Bolt of Magma            Conj/Fire/Erth #.........   100%        5    ######.
 Silence                  Hex/Air        #.........   100%        5    ######.
 Yara's Violent Unravell  Hex/Tmut       #.........   100%        5    ######.
 Deflect Missiles         Chrm/Air       #.........   100%        6    #######
 Iron Shot                Conj/Erth      #.........   100%        6    #######
 Statue Form              Tmut/Erth      #........    100%        6    #######
 Discord                  Hex            #.........   100%        8    #######
 Shatter                  Erth           #.........   100%        9    #######


Dungeon Overview and Level Annotations

Branches:
Dungeon (9/15)             Temple (0/1) D:6            Lair (2/6) D:9
  Swamp: Lair:2-4    Shoals: Lair:2-4     Snake: Lair:2-4    Spider: Lair:2-4
    Orc: D:9-12

Altars:
Ashenzari
Dithmenos
Elyvilon
Fedhas
Hepliaklqana
Makhleb
Qazlal
Ru
Trog
Uskayaw
Vehumet
Xom
Yredelemnul
Zin
Beogh

Annotations:
D:6 3 runed doors, emiel's ghost, amateur GnSk


Innate Abilities, Weirdness & Mutations

You have razor-sharp teeth.
Your natural rate of healing is unusually fast.
When hurt, damage is shared between your health and your magic reserves.
Your bite disrupts and absorbs the magic of your enemies.
Potions cannot restore your health.
You are immune to rotting.


Message History

The bog body casts a spell at you. The bolt of cold misses you.
The bog body casts a spell at you. The bolt of cold hits you!
* * * LOW HITPOINT WARNING * * *
Throwing (i - inventory. (/) - cycle)
S - 16 poisoned javelins (quivered)
Press: ? - help, Shift-Dir - straight line, f - bog body
Aim: a bog body (almost destroyed)
You throw a poisoned javelin. The poisoned javelin hits the bog body!
You destroy the bog body!
Makhleb accepts your kill.
You feel better.
The swamp worm throws harpoon shot at you.
The harpoon shot hits you!
* * * LOW HITPOINT WARNING * * *
You are yanked forward by the harpoon shot.
The swamp worm barely misses you.
The swamp worm bites you but does no damage.
You barely miss the swamp worm. You hit the plant. The swamp worm bites you!
You die...

.#.#........###..................
#...........#.#..................
..♣♣♣♣♣♣♣♣.......................
♣♣♣ ♣♣♣♣♣♣♣♣♣♣♣......#####.......
≈≈≈≈≈;♣≈≈≈♣♣♣....#####P#.#...
.......w.♣...⌠.......#####...
....♣...n.÷.⌠...##.## #...
≈≈≈≈≈≈≈≈≈≈♣♣♣w...##.# #### ♣
♣♣♣♣♣♣♣♣♣♣♣.@....#..# ####
#♣♣♣♣♣♣♣♣♣......P....#..## #..÷
##...>...............###.## ##.##
##.#..###.....P#.....# ##.# #..##
##.##.# #.....##.....# ##.###..#
##..### #......#P....# #.###).##
...#.####P...........# #.###.##
.....P##P.......#..#.###.##..# #
...........(....#≈≈#.##..##÷.# #


You could see a swamp worm.

Vanquished Creatures
  A two-headed ogre (D:8)
  3 black mambas
  2 spiny frogs
  2 gargoyles (Lab)
  2 komodo dragons
  2 bog bodies (Lair:2)
  9 blink frogs
  2 hippogriffs
  A spriggan (D:8)
  A redback (Lab)
  2 basilisks
  9 water moccasins
  5 porcupines
  An ice beast (D:9)
  4 orc warriors
  3 sky beasts
  2 phantoms
  2 ogres
  3 centaurs
  3 crocodiles
  4 bullfrogs
  A gnoll sergeant (D:5)
  2 scorpions
  7 wights (D:8)
  2 troll skeletons (Lab)
  4 howler monkeys
  4 crimson imps
  A bullfrog zombie (D:4)
  8 hounds
  A quasit (D:7)
  Crazy Yiuf (D:3)
  4 jellies
  7 orc priests
  9 orc wizards
  3 bullfrog skeletons
  A centaur skeleton (D:5)
  Terence (D:2)
  2 iguanas
  3 worker ants
  2 worker ant zombies
  10 adders
  16 gnolls
  3 shadow imps
  2 oozes (D:1)
  3 adder skeletons
  7 worms
  A dart slug (D:3)
  4 leopard geckos
  37 orcs
  2 bats
  7 giant cockroaches
  8 goblins
  12 hobgoblins
  15 jackals
  11 kobolds
  3 quokkas
  5 frilled lizards
  A quokka skeleton (D:6)
  13 rats
  A fungus (Lair:2)
  A plant (D:9)
288 creatures vanquished.

Vanquished Creatures (collateral kills)
  A minotaur (Lab)
  2 gargoyles (Lab)
3 creatures vanquished.

Vanquished Creatures (others)
  5 plants (D:9)
5 creatures vanquished.

Grand Total: 296 creatures vanquished

Notes
Turn   | Place    | Note
-------+----------+-------------------------------------------
     0 | D:1      | Garbasso the Vine Stalker Gladiator began the quest for the
                  | Orb.
     0 | D:1      | Reached XP level 1. HP: 11/11 MP: 2/2
    80 | D:1      | Reached skill level 3 in Axes
    80 | D:1      | Reached XP level 2. HP: 10/15 MP: 3/3
   424 | D:1      | Reached XP level 3. HP: 18/18 MP: 4/4
   660 | D:1      | Reached skill level 1 in Armour
  1278 | D:2      | Gained mutation: Your natural rate of healing is unusually
                  | fast. [Vine Stalker growth]
  1278 | D:2      | Reached XP level 4. HP: 20/23 MP: 3/5
  1332 | D:2      | Found a shimmering altar of Xom.
  1333 | D:2      | Found a shimmering altar of Xom.
  1333 | D:2      | Found a shimmering altar of Xom.
  1333 | D:2      | Found a shimmering altar of Xom.
  1334 | D:2      | Found a shimmering altar of Xom.
  1341 | D:2      | Noticed Terence
  1362 | D:2      | Killed Terence
  1664 | D:3      | Reached skill level 1 in Shields
  1667 | D:3      | Reached XP level 5. HP: 27/27 MP: 6/6
  1900 | D:3      | Reached skill level 4 in Axes
  2086 | D:3      | Found a runed door.
  2091 | D:3      | Noticed Crazy Yiuf
  2096 | D:3      | Killed Crazy Yiuf
  2242 | D:4      | Reached XP level 6. HP: 32/32 MP: 7/7
  2401 | D:4      | Reached skill level 5 in Axes
  2401 | D:4      | Reached XP level 7. HP: 36/36 MP: 6/8
  2718 | D:4      | Found a radiant altar of Vehumet.
  3138 | D:5      | Entered Level 5 of the Dungeon
  3377 | D:5      | Gained mutation: You have razor-sharp teeth. [Vine Stalker
                  | growth]
  3377 | D:5      | Reached XP level 8. HP: 34/42 MP: 7/9
  3484 | D:5      | Reached skill level 6 in Axes
  3679 | D:5      | Found a stormy altar of Qazlal.
  3762 | D:5      | Found a burning altar of Makhleb.
  3769 | D:5      | Became a worshipper of Makhleb the Destroyer
  4195 | D:6      | Found a shadowy altar of Dithmenos.
  4295 | D:6      | Found a staircase to the Ecumenical Temple.
  4388 | D:6      | Identified the cursed +3 fustibalus of Obriru Pust {freeze,
                  | MP-9 Int+7 Dex+5}
  4635 | D:6      | Found a hide-covered altar of Uskayaw.
  4639 | D:6      | Reached skill level 7 in Axes
  4687 | D:6      | Found a runed gate.
  4687 | D:6      | Found a runed gate.
  4687 | D:6      | Noticed emiel's ghost (amateur GnSk)
  4688 | D:6      | Found a roughly hewn altar of Beogh.
  4688 | D:6      | Found a runed gate.
  4843 | D:6      | Reached XP level 9. HP: 44/46 MP: 10/10
  4879 | D:6      | Found a sacrificial altar of Ru.
  4882 | D:6      | Reached * piety under Makhleb
  5004 | D:7      | Reached skill level 5 in Fighting
  5082 | D:7      | Found a shattered altar of Ashenzari.
  5083 | D:7      | Found a blossoming altar of Fedhas.
  5198 | D:7      | Found a glowing silver altar of Zin.
  5202 | D:7      | Found a white marble altar of Elyvilon.
  5450 | D:8      | Reached skill level 1 in Invocations
  5459 | D:8      | Reached skill level 8 in Axes
  5689 | D:8      | Found a hazy altar of Hepliaklqana.
  5768 | D:8      | Reached skill level 5 in Armour
  5840 | D:8      | Noticed a two-headed ogre
  5848 | D:8      | Killed a two-headed ogre
  5848 | D:8      | Reached skill level 9 in Axes
  5848 | D:8      | Reached XP level 10. HP: 39/53 MP: 9/13
  5994 | D:8      | Found a basalt altar of Yredelemnul.
  6034 | D:8      | Reached ** piety under Makhleb
  6693 | D:9      | Found a staircase to the Lair.
  6879 | D:9      | Noticed a moth of wrath
  6882 | D:9      | Found a bloodstained altar of Trog.
  7054 | Lair:1   | Entered Level 1 of the Lair of Beasts
  7340 | Lair:1   | Noticed a black mamba
  7348 | Lair:1   | Killed a black mamba
  7407 | Lair:1   | Reached skill level 10 in Axes
  7413 | Lair:1   | Reached *** piety under Makhleb
  7413 | Lair:1   | Reached XP level 11. HP: 58/58 MP: 13/15
  7600 | Lair:1   | Reached skill level 5 in Invocations
  8110 | Lair:2   | Found a labyrinth entrance.
  8120 | Lab      | Entered a labyrinth
  8248 | Lab      | Identified a scroll of acquirement
  8493 | Lab      | Noticed a minotaur
  8496 | Lab      | Identified Awaox's Incunabulum of the Lucky Oath
  8644 | Lab      | Killed a minotaur
  8644 | Lab      | Reached skill level 11 in Axes
  9258 | Lair:2   | Found the +8 whip "Snakebite" {curare, rPois}
  9762 | Lair:2   | Mangled by a swamp worm

Vault maps used:
D:1:      tarquinn_simple_flora_water_f, chequers_serial_rivers_large_a
D:2:      xom_redecorated, kennysheep_generic_room_2, uniq_terence
D:3:      uniq_crazy_yiuf_cottage
D:4:      nicolae_overflow_crystal_walls, first_ration, dk_noncrumbling_4,
          kennysheep_generic_room_14
D:5:      bloody_makhleb, overflow_temple_1_default, kennysheep_small_square
D:6:      kennysheep_little_box, lemuel_coloured_pillars_altar,
          minmay_temple_entry_hall, biasface_ghost_orc_armoury,
          nicolae_dithmenos_shadow_blocks
D:7:      elyvilon_altar_5, overflow_temple_1_default,
          gammafunk_temple_overflow_pools
D:8:      overflow_temple_1_default, kennysheep_mini_moat, the_bakery
D:9:      tgw_trog, david_lair_shrubbed
Lair:2:   minmay_guarded_unrand_snakebite, nicolae_swamp_entry_splash_gauntlet,
          lab_entry_generic, lemuel_fruit_fields, lemuel_fruit_tree,
          lemuel_fruit_fields
Lab:      labyrinth_hidden_loot, nicolae_lab_garden, labyrinth_glass_1,
          nicolae_lab_grate, nicolae_lab_starburst, nicolae_lab_big_swirl,
          lab_block, nicolae_lab_stuck, nicolae_lab_diamond, nicolae_lab_statue,
          nicolae_lab_blocks, lab_statue, nicolae_lab_hexagon

Skill      XL: |  1  2  3  4  5  6  7  8  9 10 11 |
---------------+----------------------------------+-----
Fighting       | 2 3 4 6 7 8 |  8.1
Axes           | 3 4 5 7 9 10 11 | 11.3
Armour         | 1 2 3 4 5 6 7 |  7.1
Shields        | 1 2 3 4 |  4.0
Invocations    | 3 4 6 |  6.4
Throwing       | |  1.7
Dodging        | |  2.4

Action                   |  1- 3 |  4- 6 |  7- 9 | 10-12 || total
-------------------------+-------+-------+-------+-------++-------
Melee: War axe           |    86 |    53 |       |       ||   139
       Bite              |    25 |    36 |   129 |   120 ||   310
       Hand axe          |       |    62 |   356 |   207 ||   625
       Executioner's axe |       |       |       |    95 ||    95
 Fire: Blowgun           |       |    13 |    14 |     5 ||    32
       Fustibalus        |       |       |       |    36 ||    36
Throw: Javelin           |       |       |       |     1 ||     1
Invok: Lesser Servant of |       |       |       |     8 ||     8
       Minor Destruction |       |       |       |     3 ||     3
Evoke: Wand              |       |       |       |    10 ||    10
  Use: Scroll            |     3 |     6 |    13 |     7 ||    29
       Potion            |       |       |       |     2 ||     2
  Eat: Chunk             |     1 |     4 |    11 |     8 ||    24
       Ration            |       |       |       |     2 ||     2
Armor: Chain mail        |    32 |    55 |   154 |   135 ||   376
       Leather armour    |     2 |       |       |       ||     2
       Plate armour      |    29 |    12 |       |       ||    41
Dodge: Dodged            |    31 |    49 |   144 |   130 ||   354
Block: Buckler           |     6 |    13 |    81 |    29 ||   129

Table legend:
 A = Non-vault XP
 B = Vault XP
 C = Vault XP percentage of total XP
 D = Non-vault monster count
 E = Vault monster count
 F = Vault count percentage of total count
                 A         B        C        D         E       F
            +---------+---------+-------+---------+---------+-------
      Total |   12773 |    5562 |  30.3 |     252 |      37 |  12.8
            +---------+---------+-------+---------+---------+-------
        D:1 |      54 |       0 |   0.0 |      24 |       0 |   0.0
        D:2 |      51 |      43 |  45.7 |      24 |       3 |  11.1
        D:3 |      39 |      44 |  53.0 |      18 |       1 |   5.3
        D:4 |     606 |       2 |   0.3 |      39 |       1 |   2.5
        D:5 |     857 |      13 |   1.5 |      28 |       1 |   3.4
        D:6 |     791 |       0 |   0.0 |      28 |       0 |   0.0
        D:7 |     493 |       0 |   0.0 |       9 |       0 |   0.0
        D:8 |    2695 |     224 |   7.7 |      30 |       1 |   3.2
        D:9 |    1139 |     356 |  23.8 |      24 |       6 |  20.0
     Lair:1 |    2685 |       0 |   0.0 |      12 |       0 |   0.0
     Lair:2 |    3363 |    2261 |  40.2 |      16 |      15 |  48.4
        Lab |       0 |    2619 | 100.0 |       0 |       9 | 100.0
            +---------+---------+-------+---------+---------+-------
